 Dungeon Crawl Stone Soup version 0.23-b1-51-gfe822ef6ca (webtiles) character file.

Game seed: 17248851652356986891

196 Ihlosi the Skirmisher (level 6, -2/38 HPs)
             Began as a Kobold Fighter on Feb 3, 2019.
             Killed by divine providence
             ... invoked by an orc priest
              (14 damage)
             ... on level 4 of the Dungeon.
             The game lasted 00:06:04 (3521 turns).

Ihlosi the Skirmisher (Kobold Fighter)              Turns: 3521, Time: 00:06:04

Health: -2/38      AC:  7    Str: 21    XL:     6   Next: 4%
Magic:  6/6        EV: 10    Int: 14    God:
Gold:   150        SH: 10    Dex: 14    Spells: 5/5 levels left

rFire    . . .     SeeInvis .   a - +0 flail
rCold    . . .     Gourm    .   c - +0 shield
rNeg     . . .     Faith    .   b - +0 scale mail
rPois    .         Spirit   .   (no helmet)
rElec    .         Reflect  .   (no cloak)
rCorr    .         Harm     .   (no gloves)
MR       .....                  m - +0 pair of boots
Stlth    ..........             (no amulet)
HPRegen  0.12/turn              (no ring)
MPRegen  0.10/turn              (no ring)

@: mighty, brilliant
A: small, carnivore
a: no special abilities


You were on level 4 of the Dungeon.
You were full.

You visited 1 branch of the dungeon, and saw 4 of its levels.

You collected 150 gold pieces.

Inventory:

Hand Weapons
 a - a +0 flail (weapon)
Missiles
 k - 26 bolts
Armour
 b - a +0 scale mail (worn)
 c - a +0 shield (worn)
 m - a +0 pair of boots (worn)
Wands
 o - a wand of polymorph (8)
Scrolls
 e - a scroll of fear {unknown}
 h - a scroll of random uselessness {unknown}
 i - 2 scrolls of immolation {unknown}
 l - 4 scrolls of identify {unknown}
 n - a scroll of teleportation {unknown}
 p - a scroll of enchant armour {unknown}
Potions
 g - a potion of mutation {unknown}
 q - a potion of heal wounds {unknown}
 r - a potion of brilliance
 s - a potion of ambrosia
 t - a potion of degeneration {unknown}
Comestibles
 f - 6 rations


   Skills:
 * Level 4.1 Fighting
 * Level 3.2 Maces & Flails
 * Level 3.0 Armour
 * Level 1.9 Dodging
 * Level 3.2 Shields


You had 5 spell levels left.
You didn't know any spells.
Your spell library was empty.

Dungeon Overview and Level Annotations

Branches:
Dungeon (4/15)
 Temple: D:4-7

Altars:
Okawaru
Zin


Innate Abilities, Weirdness & Mutations

You are small and have problems with some larger weapons.
You are carnivorous and can eat meat at any time.


Message History

It was a potion of ambrosia.
You are confused.
You feel invigorated. Something hits you but does no damage.
It was a potion of curing.
You feel better.
You feel less invigorated. Something hits you.
You barely miss something.
You hear some strange, mumbled words.
A magic dart appears from out of thin air!
The magic dart hits you. Something hits you but does no damage.
You hit something.
Something hits you but does no damage. x2
Your shield and scale mail prevent you from hitting something.
You hear some strange, mumbled words.
A magic dart appears from out of thin air!
The magic dart hits you! Something hits you.
You miss something.
Something hits you but does no damage. x2
You closely miss something.
Something hits you but does no damage. x2
You completely miss something. You block something's attack.
The orc priest calls down the wrath of Beogh upon you.
Beogh smites you!
You die...

..........#.#
...........
......... .......
..... ... ...$...
#.# .......
#####@# .......
#...#†# .. .......
#...#o# ....
......
#...#w##.....
#...##)..#o.......
#.
#....wo.......!.##
#.
#....######<....#
#.##....# .....#
#.......# .......


You could see a worm, an orc priest and an orc.

Vanquished Creatures
  A hound (D:4)
  An orc wizard (D:3)
  5 adders
  2 worms (D:2)
  A leopard gecko (D:2)
  8 orcs
  A giant cockroach (D:3)
  7 goblins
  10 hobgoblins
  12 jackals
  9 bats
  2 frilled lizards (D:1)
  10 kobolds
  6 rats
75 creatures vanquished.

Notes
Turn   | Place    | Note
-------+----------+-------------------------------------------
     0 | D:1      | Ihlosi the Kobold Fighter began the quest for the Orb.
     0 | D:1      | Reached XP level 1. HP: 14/14 MP: 1/1
   136 | D:1      | Reached XP level 2. HP: 19/19 MP: 2/2
   165 | D:1      | Reached XP level 3. HP: 14/23 MP: 3/3
  1148 | D:2      | Reached skill level 1 in Dodging
  1281 | D:2      | Reached XP level 4. HP: 25/29 MP: 4/4
  1768 | D:2      | Found a faded altar of an unknown god.
  1999 | D:2      | Found a glowing silver altar of Zin.
  2224 | D:2      | Found an iron altar of Okawaru.
  2379 | D:2      | Reached XP level 5. HP: 26/33 MP: 5/5
  2832 | D:3      | Reached skill level 4 in Fighting
  3437 | D:4      | Noticed an ogre
  3509 | D:4      | Reached XP level 6. HP: 24/38 MP: 6/6
  3521 | D:4      | Killed from afar by an orc priest

Skill      XL: |  1  2  3  4  5 |
---------------+----------------+-----
Maces & Flails | 2 3 |  3.2
Dodging        | 1 |  1.9
Fighting       | 4 |  4.1
Shields        | 3 |  3.2
Armour         | 3 |  3.0

Action                   |  1- 3 |  4- 6 || total
-------------------------+-------+-------++-------
Melee: Flail             |    97 |   202 ||   299
  Use: Potion            |       |     4 ||     4
  Eat: Chunk             |     9 |     5 ||    14
Armor: Scale mail        |    49 |   100 ||   149
Dodge: Dodged            |    36 |    71 ||   107
Block: Shield            |    57 |   115 ||   172
